 Dungeon Crawl Stone Soup version 0.22-a0-877-g5c4e1afb51 (console) character file.

53 Lexodia the Skirmisher (level 3, -3/58 HPs)
             Began as an Ogre Berserker on July 29, 2018.
             Was a Believer of Trog.
             Slain by a gnoll
             ... wielding a +0 spear
              (4 damage)
             ... on level 2 of the Dungeon.
             The game lasted 00:02:24 (1527 turns).

Lexodia the Skirmisher (Ogre Berserker)             Turns: 1527, Time: 00:02:25

Health: -3/58      AC:  3    Str: 27    XL:     3   Next: 89%
Magic:  3/3        EV: 10    Int:  8    God:    Trog [**....]
Gold:   101        SH:  0    Dex:  8    Spells: 2/2 levels left

rFire    . . .     SeeInvis .   i - +0 whip
rCold    . . .     Gourm    .   (no shield)
rNeg     . . .     Faith    .   b - +0 animal skin
rPois    .         Spirit   .   (helmet restricted)
rElec    .         Reflect  .   (no cloak)
rCorr    .         Harm     .   (gloves unavailable)
MR       ++...                  (boots unavailable)
Stlth    ..........             (no amulet)
HPRegen  1.19/turn              (no ring)
MPRegen  0.08/turn              (no ring)

@: berserking, regenerating, very quick
A: large, unfitting armour, tough skin 1
a: Berserk, Trog's Hand, Renounce Religion


You were on level 2 of the Dungeon.
You worshipped Trog.
Trog was pleased with you.
You were very hungry.

You visited 1 branch of the dungeon, and saw 3 of its levels.

You collected 101 gold pieces.

Inventory:

Hand Weapons
 a - a +0 mace
 i - a +0 whip (weapon)
Armour
 b - a +0 animal skin (worn)
Scrolls
 d - 3 scrolls of remove curse {unknown}
 e - 2 scrolls of teleportation {unknown}
 g - a scroll of identify {unknown}
 h - 2 scrolls of enchant armour {unknown}
Potions
 j - a potion of lignification {unknown}
 k - a potion of resistance {unknown}
Comestibles
 c - 7 rations


   Skills:
 - Level 4.0 Fighting
 + Level 4.0 Maces & Flails
 - Level 3.0 Dodging


You had 2 spell levels left.
You didn't know any spells.
Your spell library was empty.

Dungeon Overview and Level Annotations

Branches:
Dungeon (3/15)

Altars:


Innate Abilities, Weirdness & Mutations

You are too large for most types of armour.
You have tough skin. (AC +1)


Message History

Huge Dmg: -18%(-7hp) hp: 26%(10hp)
Your skin crawls.
You feel resistant to hostile enchantments.
You feel somewhat more hungry.
The gnoll hits you with a spear of piercing.
* * * LOW HITPOINT WARNING * * *
x2 The gnoll barely misses you.
Huge Dmg: -18%(-7hp) hp: 8%(3hp)
A red film seems to cover your vision as you go berserk!
You feel yourself moving faster!
You feel mighty!
You are feeling very hungry.
The gnoll hits you with a spear of piercing.
* * * LOW HITPOINT WARNING * * *
x2 The gnoll misses you.
Huge Dmg: -4%(-2hp) hp: 2%(1hp)
You whack the gnoll!
The gnoll is severely wounded.
The gnoll misses you.
The gnoll hits you from afar with a spear.
You die...

........####....##....#
####.#....##...###....#
#.##...........##### #.
###.###.....####
#.###.###....###
.####.#.(.# ##....>#
........#.# ###...#
#.###...#.# ##..###
#..@#.# #....# ##.g#.#
#.##.# .g#g#.# #....#
.....g#.# ######
........#.# ........#
......... .......#.


You could see 3 gnolls and a hobgoblin.

Vanquished Creatures
  An adder (D:2)
  A gnoll (D:1)
  2 worms (D:2)
  2 dart slugs (D:1)
  2 giant cockroaches (D:1)
  A goblin (D:1)
  4 jackals (D:1)
  2 quokkas (D:2)
  A ball python (D:1)
  2 bats (D:1)
  3 frilled lizards
  4 kobolds
  A rat (D:1)
26 creatures vanquished.

Notes
Turn   | Place    | Note
-------+----------+-------------------------------------------
     0 | D:1      | Lexodia the Ogre Berserker began the quest for the Orb.
     0 | D:1      | Reached XP level 1. HP: 24/24 MP: 1/1
   102 | D:1      | Huge Dmg: 4 dmg
   122 | D:1      | Huge Dmg: 2 dmg
   125 | D:1      | Reached XP level 2. HP: 8/32 MP: 2/2
   141 | D:1      | Huge Dmg: 3 dmg
   992 | D:2      | Reached XP level 3. HP: 27/39 MP: 3/3
  1029 | D:1      | Huge Dmg: 6 dmg
  1210 | D:2      | Reached ** piety under Trog
  1243 | D:2      | Huge Dmg: 9 dmg
  1260 | D:2      | Huge Dmg: 5 dmg
  1522 | D:2      | Huge Dmg: 10 dmg
  1525 | D:2      | Huge Dmg: 7 dmg
  1526 | D:2      | Huge Dmg: 7 dmg
  1526 | D:2      | HP: 2/58 [gnoll/spear of piercing (4)]
  1527 | D:2      | Huge Dmg: 2 dmg
  1527 | D:2      | Slain by a gnoll

Vault maps used:
D:1:      dpeg_arrival_renting, minmay_heptomino_d4
D:3:      minmay_roachtagon, minmay_misc_feat_chi, uniq_sigmund

Skill      XL: |  1  2  3 |
---------------+----------+-----
Maces & Flails | 3 4 |  4.0
Dodging        | 3 |  3.0
Fighting       | |  4.0

Action                   || total
-------------------------++-------
Melee: Mace              ||    55
       Whip              ||    86
Invok: Berserk           ||     1
       Trog's Hand       ||     1
  Eat: Chunk             ||     2
Armor: Animal skin       ||    31
Dodge: Dodged            ||   102

Table legend:
 A = Spawn XP
 B = Non-spawn XP
 C = Spawn XP percentage of total XP
 D = Spawn monster count
 E = Non-spawn monster count
 F = Spawn count percentage of total count
 G = Total turns spent on level
                    A         B        C        D         E        F      G
               +---------+---------+-------+---------+---------+-------+---------
         Total |       0 |      77 |   0.0 |       0 |      26 |   0.0 |  1527
               +---------+---------+-------+---------+---------+-------+---------
           D:1 |       0 |      46 |   0.0 |       0 |      19 |   0.0 |  1121
           D:2 |       0 |      31 |   0.0 |       0 |       7 |   0.0 |   404
               +---------+---------+-------+---------+---------+-------+---------
